 Dungeon Crawl Stone Soup version 0.23-a0-143-g1adec7bb76 (webtiles) character file.

462 PikkenKukken the Cutter (level 7, 0/37 HPs)
             Began as a Vine Stalker Fighter on Sept 5, 2018.
             Slain by an iguana (4 damage)
             ... on level 4 of the Dungeon.
             The game lasted 00:05:10 (2843 turns).

PikkenKukken the Cutter (Vine Stalker Fighter)      Turns: 2843, Time: 00:05:11

Health: 0/37       AC:  9    Str: 19    XL:     7   Next: 7%
Magic:  0/8        EV:  6    Int:  8    God:
Gold:   144        SH: 10    Dex: 15    Spells: 6/6 levels left

rFire    . . .     SeeInvis .   m - +3 dagger (pain)
rCold    . . .     Gourm    +   c - +1 shield
rNeg     . . .     Faith    .   h - +0 chain mail
rPois    .         Spirit   +   (no helmet)
rElec    .         Reflect  .   (no cloak)
rCorr    .         Harm     .   (no gloves)
MR       .....                  (no boots)
Stlth    ..........             r - amulet of the gourmand
HPRegen  0.52/turn              (no ring)
MPRegen  0.11/turn              (no ring)

@: no status effects
A: fangs 2, regeneration 1, magic shield, antimagic bite, no potion heal 3, rot
immunity
a: no special abilities


You were on level 4 of the Dungeon.
You were not hungry.

You visited 1 branch of the dungeon, and saw 4 of its levels.

You collected 144 gold pieces.

Inventory:

Hand Weapons
 a - a +0 rapier
 m - a +3 dagger of pain (weapon)
Armour
 b - a +0 scale mail
 c - a +1 shield (worn)
 h - a +0 chain mail (worn)
Jewellery
 r - an amulet of the gourmand (around neck)
Wands
 p - a wand of digging (7)
Scrolls
 e - 2 scrolls of remove curse
 i - a scroll of enchant armour
 n - 2 scrolls of teleportation
Potions
 d - 7 potions of might
 g - a potion of invisibility {unknown}
 j - a potion of agility
 k - 2 potions of brilliance {unknown}
 l - 2 potions of ambrosia {unknown}
 o - a potion of degeneration {unknown}
 q - 2 potions of mutation {unknown}
 t - a potion of haste {unknown}
Comestibles
 f - 4 rations


   Skills:
 + Level 3.7 Fighting
 * Level 4.1 Short Blades
 + Level 3.3 Armour
 + Level 2.1 Dodging
 + Level 3.7 Shields


You had 6 spell levels left.
You didn't know any spells.
Your spell library contained the following spells:

 Spells                   Type           Power        Failure   Level  Hunger
 Magic Dart               Conj           #...         100%        1    ##.....
 Searing Ray              Conj           #.....       100%        2    ###....
 Dazzling Spray           Conj/Hex       #.....       100%        3    ####...
 Force Lance              Conj/Tloc      #.......     100%        4    #####..
 Fulminant Prism          Conj/Hex       #.........   100%        4    #####..
 Iskenderun's Mystic Bla  Conj           #.......     100%        4    #####..


Dungeon Overview and Level Annotations

Branches:
Dungeon (4/15)
 Temple: D:4-7

Altars:
Cheibriados
Hepliaklqana
Nemelex Xobeh


Innate Abilities, Weirdness & Mutations

You have extremely sharp teeth.
Your natural rate of healing is unusually fast.
When hurt, damage is shared between your health and your magic reserves.
Your bite disrupts and absorbs the magic of your enemies.
Potions cannot restore your health.
You are immune to rotting.


Message History

You are too injured to fight recklessly!
You are too injured to fight recklessly!
You are too injured to fight recklessly!
You are too injured to fight recklessly!
You are too injured to fight recklessly!
You are too injured to fight recklessly!
You are too injured to fight recklessly!
You completely miss the iguana.
The iguana is heavily wounded.
The iguana bites you!
* * * LOW HITPOINT WARNING * * *
The gnoll hits you with a halberd!
* * * LOW HITPOINT WARNING * * *
You hit the iguana. Your bite misses the iguana.
The iguana is severely wounded.
The iguana barely misses you.
You hit the iguana but do no damage. Your bite misses the iguana.
The iguana is severely wounded.
The gnoll barely misses you. The iguana bites you.
You die...

.....# **,,,*
..§§§# *,,,##
..§§§# **,,.#
.§§§§# *,,.##
.§§§§# **,..#
.§§§§# *,..#
.....# *,..#
§§...## ##l#*
####..## #@g#
##..#########.##
####.............#
.........#########
####.....# #######


You could see an iguana and a gnoll.

Vanquished Creatures
  A bullfrog (D:4)
  2 howler monkeys (D:4)
  A hound (D:4)
  2 iguanas (D:4)
  Ijyb (D:3)
  A worker ant (D:4)
  3 gnolls
  7 adders
  5 oozes
  4 dart slugs (D:2)
  4 leopard geckos
  2 orcs
  5 bats
  4 giant cockroaches
  5 hobgoblins
  9 jackals
  7 frilled lizards
  8 goblins
  7 kobolds
  A leopard gecko skeleton (D:4)
  3 rats
82 creatures vanquished.

Notes
Turn   | Place    | Note
-------+----------+-------------------------------------------
     0 | D:1      | PikkenKukken the Vine Stalker Fighter began the quest for
                  | the Orb.
     0 | D:1      | Reached XP level 1. HP: 11/11 MP: 2/2
   283 | D:1      | Reached skill level 2 in Short Blades
   283 | D:1      | Reached XP level 2. HP: 16/16 MP: 3/3
   898 | D:2      | Reached XP level 3. HP: 18/19 MP: 4/4
  1217 | D:2      | Gained mutation: Your natural rate of healing is unusually
                  | fast. [Vine Stalker growth]
  1217 | D:2      | Reached XP level 4. HP: 16/24 MP: 5/5
  1268 | D:2      | Reached skill level 1 in Dodging
  1483 | D:2      | Found a sparkling altar of Nemelex Xobeh.
  1594 | D:3      | Reached skill level 3 in Short Blades
  1594 | D:3      | Reached XP level 5. HP: 28/28 MP: 6/6
  1609 | D:3      | Noticed Ijyb
  1643 | D:3      | Killed Ijyb
  1664 | D:3      | Found a snail-covered altar of Cheibriados.
  2225 | D:3      | Found a hazy altar of Hepliaklqana.
  2382 | D:4      | Reached XP level 6. HP: 32/32 MP: 7/7
  2525 | D:4      | Reached skill level 4 in Short Blades
  2568 | D:4      | Reached XP level 7. HP: 21/37 MP: 4/8
  2843 | D:4      | Slain by an iguana

Vault maps used:
D:1:      dpeg_arrival_three_bigger_balls, minmay_misc_feat_more_columns,
          minmay_misc_feat_chi
D:2:      nemelex_dance_club_becter
D:3:      cheibriados_altar_1, lemuel_coloured_pillars_altar, uniq_ijyb
D:4:      zin_scriptorium, serial_curves, eino_curves_01, eino_curves_01

Skill      XL: |  1  2  3  4  5  6 |
---------------+-------------------+-----
Short Blades   | 2 3 4 |  4.1
Shields        | 3 |  3.7
Fighting       | 3 |  3.7
Dodging        | 1 2 |  2.1
Armour         | 3 |  3.3

Action                   |  1- 3 |  4- 6 |  7- 9 || total
-------------------------+-------+-------+-------++-------
Melee: Rapier            |    80 |       |       ||    80
       Bite              |    17 |    74 |     4 ||    95
       Dagger            |    16 |   253 |    16 ||   285
  Use: Scroll            |     5 |     5 |     1 ||    11
  Eat: Chunk             |     1 |    10 |       ||    11
Armor: Chain mail        |    50 |   130 |     3 ||   183
Dodge: Dodged            |    13 |    59 |     5 ||    77
Block: Shield            |    60 |   150 |     5 ||   215

Table legend:
 A = Non-vault XP
 B = Vault XP
 C = Vault XP percentage of total XP
 D = Non-vault monster count
 E = Vault monster count
 F = Vault count percentage of total count
                 A         B        C        D         E       F
            +---------+---------+-------+---------+---------+-------
      Total |     615 |      46 |   7.0 |      79 |       3 |   3.7
            +---------+---------+-------+---------+---------+-------
        D:1 |      31 |       0 |   0.0 |       9 |       0 |   0.0
        D:2 |     111 |      10 |   8.3 |      29 |       2 |   6.5
        D:3 |      80 |      36 |  31.0 |      28 |       1 |   3.4
        D:4 |     393 |       0 |   0.0 |      13 |       0 |   0.0
            +---------+---------+-------+---------+---------+-------
